 Dungeon Crawl Stone Soup version 0.25.0-33-gff14898491 (webtiles) character file.

Game seed: 13276421811543519066

440 Peloso the Shield-Bearer (level 6, -1/48 HPs)
             Began as a Demonspawn Fighter on July 7, 2020.
             Slain by an orc
             ... wielding a +0 short sword
              (3 damage)
             ... on level 4 of the Dungeon.
             The game lasted 00:06:53 (3945 turns).

Peloso the Shield-Bearer (Demonspawn Fighter)       Turns: 3945, Time: 00:06:53

Health: -1/48      AC: 12    Str: 18    XL:     6   Next: 70%
Magic:  6/6        EV:  5    Int: 10    God:
Gold:   201        SH:  9    Dex: 14    Spells: 5/5 levels left

rFire    . . .     SeeInvis .   a - +0 long sword
rCold    + . .     Gourm    .   c - +0 kite shield
rNeg     . . .     Faith    .   t - +0 plate armour
rPois    .         Spirit   .   (no helmet)
rElec    .         Reflect  .   (no cloak)
rCorr    .         Harm     .   r - +0 pair of gloves
MR       .....                  (no boots)
Stlth    ..........             (no amulet)
HPRegen  0.16/turn              (no ring)
MPRegen  0.10/turn              (no ring)

@: mighty, brilliant
A: repulsion field 1, agile 1, cold resistance 1, high mp 1
a: no special abilities


You were on level 4 of the Dungeon.
You were not hungry.

You visited 1 branch of the dungeon, and saw 4 of its levels.

You collected 201 gold pieces.

Inventory:

Hand Weapons
 a - a +0 long sword (weapon)
Armour
 b - a +0 scale mail
 c - a +0 kite shield (worn)
 q - a +0 chain mail
 r - a +0 pair of gloves (worn)
 t - a +0 plate armour (worn)
Wands
 p - a wand of paralysis (8)
Scrolls
 e - 5 scrolls of teleportation
 g - a scroll of magic mapping
 h - 3 scrolls of remove curse
 i - a scroll of amnesia {unknown}
 k - 2 scrolls of enchant weapon {unknown}
 l - 2 scrolls of fear {unknown}
 m - 2 scrolls of identify {unknown}
 o - a scroll of enchant armour {unknown}
 s - a scroll of immolation {unknown}
Potions
 d - a potion of might
Comestibles
 f - 4 rations
 j - a chunk of flesh


   Skills:
 + Level 3.7 Fighting
 + Level 4.0 Long Blades
 + Level 3.7 Armour
 + Level 1.1 Dodging
 + Level 0.3 Stealth
 + Level 4.5 Shields


You had 5 spell levels left.
You didn't know any spells.
Your spell library contained the following spells:

 Spells                   Type           Power        Failure   Level  Hunger
 Confusing Touch          Hex            #.......     100%        3    None
 Gell's Gravitas          Tloc           #.........   100%        3    None
 Petrify                  Tmut/Erth      #.......     100%        4    None
 Metabolic Englaciation   Hex/Ice        #.........   100%        5    None
 Yara's Violent Unravell  Hex/Tmut       #.........   100%        5    None


Dungeon Overview and Level Annotations

Branches:
Dungeon (4/15)
 Temple: D:4-7

Altars:
Kikubaaqudgha
Vehumet

Annotations:
D:4 Eustachio


Innate Abilities, Weirdness & Mutations

You are surrounded by a mild repulsion field. (EV +2)
Your flesh is cold resistant. (rC+)
You are agile. (Dex +2)
You have an increased reservoir of magic. (+10% MP)


Message History

The river rat bites you but does no damage.
The bat hits you but does no damage. Eustachio hits you but does no damage.
You slash Eustachio!
Eustachio is almost dead.
You block the bat's attack. x2; The orc hits you but does no damage.
You block the river rat's attack.
Eustachio calls on the powers of shadow!
Eustachio hits you but does no damage.
Unknown command.
You barely miss Eustachio.
Eustachio is almost dead.
The bat hits you but does no damage. You block the bat's attack.
The orc hits you but does no damage. The river rat bites you!
* * * LOW HITPOINT WARNING * * *
Eustachio hits you but does no damage.
Unknown command.
It was a potion of brilliance.
You feel clever all of a sudden. The orc hits you with a +0 short sword.
You die...

##...........### ###
##.#.........#.##..##
.###............#...#
......##....#.......#
............##....# ###
.....##........b.# ...#
......#......#.b####...##
.........>...##r@.#.....#
......####...###@......#
.......####...##bo...###
........###..........#
##.......##.........##
####..................
##....................!
##...รท....##...........#
##.........#....##....##
..........##.... ....#


You could see Eustachio, a river rat (summoned), an orc and 3 bats.

Vanquished Creatures
  A bullfrog (D:4)
  A scorpion (D:4)
  A vampire bat (D:2)
  A howler monkey (D:4)
  A bullfrog skeleton (D:4)
  A worker ant (D:4)
  9 adders
  An ooze (D:3)
  4 worms
  3 dart slugs
  3 leopard geckos
  2 bat skeletons (D:2)
  3 bat zombies (D:2)
  4 giant cockroaches
  12 goblins
  11 hobgoblins
  8 jackals
  3 ball pythons
  8 bats
  3 frilled lizards
  10 kobolds
  5 rats
95 creatures vanquished.

Notes
Turn   | Place    | Note
-------+----------+-------------------------------------------
     0 | D:1      | Peloso the Demonspawn Fighter began the quest for the Orb.
     0 | D:1      | Reached XP level 1. HP: 18/18 MP: 1/1
    99 | D:1      | Gained mutation: Your flesh is cold resistant. (rC+)
                  | [demonic ancestry]
    99 | D:1      | Reached XP level 2. HP: 2/24 MP: 2/2
   599 | D:1      | Reached XP level 3. HP: 23/29 MP: 3/3
  1635 | D:2      | Reached XP level 4. HP: 35/35 MP: 4/4
  2023 | D:2      | Found an ancient bone altar of Kikubaaqudgha.
  2086 | D:2      | Reached skill level 1 in Dodging
  2255 | D:3      | Gained mutation: You are surrounded by a mild repulsion
                  | field. (EV +2) [demonic ancestry]
  2255 | D:3      | Reached XP level 5. HP: 41/41 MP: 5/5
  2633 | D:3      | Gained mutation: You have an increased reservoir of magic.
                  | (+10% MP) [potion of mutation]
  2633 | D:3      | Gained mutation: You are agile. (Dex +2) [potion of
                  | mutation]
  2950 | D:3      | Found a radiant altar of Vehumet.
  3344 | D:4      | Reached XP level 6. HP: 9/47 MP: 6/6
  3914 | D:4      | Noticed Eustachio
  3944 | D:4      | HP: 2/48 [river rat[Eustachio] (7)]
  3945 | D:4      | Slain by an orc

Illustrated notes

Levels and vault maps discovered:
D:1:      dpeg_arrival_tiny_f, layout_rooms
D:2:      layout_loops_corners, kennysheep_vampire_church, first_ration
D:3:      layout_rooms, lemuel_coloured_pillars_altar
D:4:      layout_cave_pools, minmay_manual_mail, uniq_eustachio

Skill      XL: |  1  2  3  4  5  6 |
---------------+-------------------+-----
Armour         | 3 |  3.7
Shields        | 3 4 |  4.5
Long Blades    | 2 3 4 |  4.0
Dodging        | 1 |  1.1
Fighting       | |  3.7
Stealth        | |  0.3

Action                   |  1- 3 |  4- 6 || total
-------------------------+-------+-------++-------
Melee: Long sword        |   142 |   279 ||   421
  Use: Potion            |       |     7 ||     7
       Scroll            |       |     3 ||     3
  Eat: Chunk             |     3 |     8 ||    11
Armor: Scale mail        |    85 |     7 ||    92
       Chain mail        |       |    90 ||    90
       Plate armour      |       |   201 ||   201
Dodge: Dodged            |    39 |    98 ||   137
Block: Kite shield       |    91 |   228 ||   319
       Rpst.: Long sword |    14 |    30 ||    44
